 Dungeon Crawl Stone Soup version 0.29-a0-321-gf1c400731a (webtiles) character file.

Game seed: 16394022101040080121

45019 Ajdolov the Warrior (level 14, -3/162 HPs)
             Began as an Ogre Fire Elementalist on Apr 3, 2022.
             Was a High Priest of Vehumet.
             Slain by a two-headed ogre
             ... wielding a +1 great mace of flaming
              (8 damage)
             ... in a volcano.
             The game lasted 00:51:00 (25243 turns).

Ajdolov the Warrior (Ogre Fire Elementalist)       Turns: 25243, Time: 00:51:01

Health: -3/162     AC:  9    Str: 15    XL:     14   Next: 31%
Magic:  37/37      EV:  9    Int: 20    God:    Vehumet [*****.]
Gold:   796        SH:  5    Dex:  9    Spells: 12/33 levels left

rFire   . . .      SeeInvis .   D - +7 quarterstaff (spect)
rCold   . . .      Faith    .   (shield currently unavailable)
rNeg    . . .      Spirit   .   O - +0 acid dragon scales
rPois   .          Reflect  +   (helmet restricted)
rElec   .          Harm     .   q - +1 cloak
rCorr   +          Rampage  .   (gloves unavailable)
Will    +....                   (boots unavailable)
Stlth   +.........              R - amulet of reflection
HPRegen 0.37/turn               o - ring of wizardry
MPRegen 0.25/turn               P - ring of magical power

@: no status effects
A: large, unfitting armour, tough skin 1
a: Renounce Religion


You were in a volcano.
You worshipped Vehumet.
Vehumet was extremely pleased with you.
You visited 3 branches of the dungeon, and saw 17 of its levels.
You also visited: Sewer, Bailey and Volcano.

You collected 932 gold pieces.
You spent 136 gold pieces at shops.

Inventory:

Hand Weapons
 D - a +7 spectral quarterstaff (weapon)
Missiles
 y - 4 throwing nets
 J - a curare-tipped dart
Armour
 q - a +1 cloak (worn)
 K - a +2 kite shield
 O - +0 acid dragon scales (worn)
Jewellery
 o - a ring of wizardry (left hand)
 w - a ring of magical power
 C - a ring of wizardry
 P - a ring of magical power (right hand)
 R - an amulet of reflection (around neck)
 S - a ring of wizardry
Wands
 f - a wand of acid (1)
 p - a wand of charming (12)
 E - a wand of iceblast (6)
 L - a wand of paralysis (8)
Scrolls
 a - a scroll of silence
 e - 10 scrolls of teleportation
 g - 3 scrolls of vulnerability
 k - 8 scrolls of magic mapping
 m - 6 scrolls of enchant armour
 t - 2 scrolls of amnesia
 v - 2 scrolls of brand weapon
 x - 7 scrolls of immolation
 A - 2 scrolls of fog
 B - 2 scrolls of fear
 F - 2 scrolls of enchant weapon
 G - 2 scrolls of blinking
 I - 3 scrolls of noise
 M - 7 scrolls of identify
 N - a scroll of holy word {unknown}
 Q - a scroll of summoning {unknown}
Potions
 b - a potion of magic
 c - 7 potions of haste {unknown}
 d - 3 potions of lignification {unknown}
 h - 2 potions of ambrosia {unknown}
 i - 6 potions of mutation
 j - 2 potions of cancellation {unknown}
 l - 6 potions of heal wounds {unknown}
 n - a potion of might {unknown}
 r - 3 potions of flight {unknown}
 s - 3 potions of curing
 u - 2 potions of attraction {unknown}
 z - a potion of berserk rage
 H - 4 potions of degeneration {unknown}


   Skills:
 - Level 16.0 Fighting
 - Level 1.7 Dodging
 - Level 1.4 Stealth
 - Level 10.0 Spellcasting
 + Level 9.5 Conjurations
 - Level 4.2 Necromancy
 * Level 8.5 Transmutations
 - Level 10.0 Fire Magic
 * Level 7.4 Poison Magic


You had 12 spell levels left.
You knew the following spells:

 Your Spells              Type           Power      Damage    Failure   Level
b - Scorch                Fire           100%       2d10      1%          2
c - Poisonous Vapours     Pois/Air       48%        N/A       1%          2
d - Ignite Poison         Fire/Tmut/Pois 44%        N/A       1%          3
e - Borgnjor's Vile Clut  Necr/Erth      9%         N/A       41%         5
f - Mephitic Cloud        Conj/Pois/Air  32%        N/A       1%          3
g - Eringya's Noxious Bo  Tmut/Pois      21%        N/A       7%          6

Your spell library contained the following spells:

 Spells                   Type           Power      Damage    Failure   Level
 Iskenderun's Battlesphe  Conj           48%        2d10      1%          5
 Foxfire                  Conj/Fire      100%       2x1d9     1%          1
 Magic Dart               Conj           100%       1d8       1%          1
 Shock                    Conj/Air       100%       1d9       1%          1
 Conjure Flame            Conj/Fire      49%        6-21      1%          3
 Inner Flame              Hex/Fire       30%        N/A       1%          3
 Flame Wave               Conj/Fire      49%        2d10      1%          4
 Apportation              Tloc           20%        N/A       4%          1
 Alistair's Intoxication  Tmut/Pois      28%        N/A       4%          5
 Blink                    Tloc           20%        N/A       6%          2
 Call Imp                 Summ           10%        N/A       6%          2
 Airstrike                Air            5%         N/A       11%         4
 Lesser Beckoning         Tloc           10%        N/A       12%         3
 Swiftness                Air            10%        N/A       12%         3
 Summon Lightning Spire   Summ/Air       10%        N/A       34%         4
 Manifold Assault         Tloc           10%        N/A       69%         5
 Storm Form               Tmut/Air       13%        N/A       99%         7
 Borgnjor's Revivificati  Necr           13%        N/A       100%        8
 Maxwell's Capacitive Co  Air            5%         ∞         100%        8
 Necromutation            Tmut/Necr      17%        N/A       100%        8
 Chain Lightning          Conj/Air       14%        3d19      100%        9
 Death's Door             Necr           13%        N/A       100%        9
 Fire Storm               Conj/Fire      24%        8d6       100%        9
 Shatter                  Erth           5%         3d8*      100%        9


Dungeon Overview and Level Annotations

Branches:
Dungeon (11/15)            Temple (1/1) D:7            Lair (5/6) D:10
  Swamp (0/4) Lair:3       Spider (0/4) Lair:3        Sewer (visited)
 Bailey (visited)         Volcano (1/1)
  Slime: Lair:5-6       Orc: D:9-12

Altars:
Ashenzari
Cheibriados
Dithmenos
Fedhas
Gozag
Hepliaklqana
Kikubaaqudgha
Makhleb
Okawaru
Qazlal
Ru
Sif Muna
Trog
Uskayaw
Vehumet
Wu Jian
Xom
Yredelemnul
Zin
The Shining One
Beogh

Shops:
D:8 [

Annotations:
D:4 2 transporters, iamserjio's ghost, weakling MyTm
Lair:2 2 transporters, jt's ghost, journeyman VSFi


Innate Abilities, Weirdness & Mutations

You are too large for most types of armour.
You have tough skin. (AC +1)


Message History

Casting: Ignite Poison (safe; 1% risk of failure)
Confirm with . or Enter, or press ? or * to list all spells.
Aiming: Mephitic Cloud (safe; 1% risk of failure)
Press: ? - help, Shift-Dir - straight line
Okay, then.
You sock the hell hound!
The hell hound is moderately wounded.
You block the hell hound's attack.
The hell hound bites you but does no damage.
You hit the hell hound.
The hell hound is heavily wounded.
The hell hound barely misses you.
The hell hound bites you but does no damage.
The hell hound barely misses you.
The hell hound stops to sniff the ground.
You sock the hell hound!
You kill the hell hound!
Vehumet accepts your kill.
You sock the two-headed ogre!
The two-headed ogre is lightly wounded.
Your +7 spectral quarterstaff hits the two-headed ogre!!
The two-headed ogre hits you with a +1 great mace of flaming!
The two-headed ogre burns you.
The two-headed ogre hits you with a +0 giant club of flaming!!
* * * LOW HITPOINT WARNING * * *
The two-headed ogre burns you!
* * * LOW HITPOINT WARNING * * *
You closely miss the two-headed ogre.
The two-headed ogre is heavily wounded.
Your +7 spectral quarterstaff hits the two-headed ogre!
The two-headed ogre completely misses your +7 spectral quarterstaff. x2
Unknown command.
You hit the two-headed ogre.
The two-headed ogre is severely wounded.
Your +7 spectral quarterstaff completely misses the two-headed ogre.
The two-headed ogre barely misses you.
The two-headed ogre hits you with a +0 giant club of flaming!
* * * LOW HITPOINT WARNING * * *
The two-headed ogre burns you!
You die...

≈≈≈≈≈≈≈≈≈≈≈≈≈≈≈≈≈≈≈≈≈≈
≈≈≈≈≈≈≈≈≈≈≈≈≈≈≈≈≈≈≈≈≈≈≈≈
≈≈≈≈≈≈≈≈≈≈≈≈≈≈≈≈≈≈≈≈≈≈≈≈
≈≈≈≈≈≈≈≈≈≈≈≈≈≈≈≈≈≈≈≈≈≈≈≈
≈≈≈≈≈≈≈≈≈≈≈≈≈≈≈≈≈≈≈≈≈≈≈≈
≈≈≈≈≈.≈.≈.≈.≈≈≈≈≈≈≈.≈≈)≈
..≈.≈≈≈.≈≈..≈..≈.≈≈≈≈≈≈≈
..^^^...................
#+##.@(#####...##'##..
##O## !.##.##...##. #h#
cO.#.#.....#. #O#
...#.#.....#. ##c##
hO##.##...##.
####...##'##...#####..
........§§....... ...
§≈≈≈≈≈≈§≈§≈..≈§≈≈ ≈≈§
§§≈≈≈.≈≈≈§§≈≈≈§§≈≈


You could see 2 two-headed ogres, a hell hound, a centaur and a friendly +7
spectral quarterstaff (summoned).

Vanquished Creatures
  An orc warlord (Bailey)
  Harold (Lair:2)
  2 hydras (Lair:4)
  3 two-headed ogres
  A hell hog (Volcano)
  6 death yaks (Lair:5)
  A deep elf pyromancer (D:10)
  An ugly thing (D:11)
  2 manticores
  2 black mambas
  Joseph (D:9)
  4 elephants (Lair:3)
  6 gargoyles
  Maggie (D:7)
  9 cane toads
  2 rime drakes
  2 unseen horrors
  5 komodo dragons
  A polar bear (Lair:3)
  A troll (D:11)
  2 hornets (D:8)
  Prince Ribbit (D:5)
  15 blink frogs
  2 shadows (D:11)
  2 wraiths (D:10)
  2 wyverns
  57 yaks
  A fire bat (Volcano)
  2 basilisks
  2 steam dragons
  Edmund (D:6)
  3 acid dragons
  Duvessa (D:6)
  A hell hound (Volcano)
  7 water moccasins
  Pargi (Sewer)
  8 orc warriors
  A sky beast (D:7)
  4 ice beasts
  A black bear (D:5)
  14 wolves
  An ogre (D:8)
  8 centaurs
  A kobold brigand (D:9)
  11 bullfrogs
  A necrophage (D:7)
  2 gnoll sergeants
  3 scorpions
  13 wights
  Dowan (D:6)
  4 killer bees (D:9)
  2 howler monkeys
  An electric eel (D:7)
  2 hounds
  A gnoll shaman (D:8)
  5 orc priests
  5 iguanas
  13 orc wizards
  10 gnolls
  A river rat (D:3)
  6 adders
  A white imp (D:8)
  An ufetubus (D:5)
  5 worms
  5 dart slugs
  66 orcs
  5 ball pythons
  5 bats
  7 endoplasms
  3 giant cockroaches
  12 goblins
  6 hobgoblins
  7 jackals
  4 quokkas
  3 frilled lizards
  35 kobolds
  3 rats
439 creatures vanquished.

Vanquished Creatures (others)
  A two-headed ogre (D:10)
  An orc warrior (D:10)
  A centaur (D:10)
  2 howler monkeys (D:10)
  An orc wizard (D:10)
  2 demonic plants (D:2)
  48 foxfires
  19 fungi
  35 plants
110 creatures vanquished.

Grand Total: 549 creatures vanquished

Notes
Turn   | Place    | Note
-------+----------+-------------------------------------------
     0 | D:1      | Ajdolov the Ogre Fire Elementalist began the quest for the
                  | Orb.
     0 | D:1      | Reached XP level 1. HP: 16/16 MP: 3/3
   284 | D:1      | Reached skill level 1 in Fighting
   294 | D:1      | Reached XP level 2. HP: 19/27 MP: 1/5
   680 | D:1      | Learned a level 2 spell: Scorch
   910 | D:1      | Reached skill level 2 in Fighting
  1007 | D:1      | Reached XP level 3. HP: 35/35 MP: 4/7
  1475 | D:2      | Found an opulent altar of Gozag.
  2024 | D:2      | Found a faded altar of an unknown god.
  2183 | D:3      | Reached XP level 4. HP: 37/44 MP: 1/9
  2296 | D:3      | Found a glowing drain.
  2300 | Sewer    | Entered a sewer
  2564 | Sewer    | Noticed Pargi
  2571 | Sewer    | Killed Pargi
  2572 | Sewer    | Reached skill level 3 in Fighting
  2572 | Sewer    | Reached XP level 5. HP: 26/53 MP: 5/11
  3189 | D:3      | You fall into a shaft and drop 1 floor!
  3190 | D:4      | Found a shimmering blue altar of Sif Muna.
  3928 | D:4      | Reached XP level 6. HP: 62/62 MP: 5/12
  4110 | D:3      | Reached skill level 4 in Fighting
  4478 | D:4      | Found a transporter.
  4511 | D:4      | Noticed iamserjio's ghost (weakling MyTm)
  4634 | D:4      | Found a transporter.
  4999 | D:5      | Entered Level 5 of the Dungeon
  5124 | D:5      | Reached skill level 5 in Fire Magic
  5124 | D:5      | Reached XP level 7. HP: 71/71 MP: 8/14
  5290 | D:5      | Reached skill level 5 in Fighting
  5290 | D:5      | Reached skill level 5 in Spellcasting
  5556 | D:5      | Found an iron altar of Okawaru.
  5556 | D:5      | Found a bloodstained altar of Trog.
  5858 | D:5      | Reached XP level 8. HP: 36/83 MP: 6/16
  6236 | D:6      | Reached skill level 6 in Fighting
  6408 | D:6      | Noticed Prince Ribbit
  6720 | D:5      | Killed Prince Ribbit
  6902 | D:6      | Reached skill level 7 in Fighting
  7162 | D:6      | Reached XP level 9. HP: 93/93 MP: 13/19
  7521 | D:6      | Noticed Duvessa
  7522 | D:6      | Noticed Dowan
  7527 | D:6      | Killed Duvessa
  7534 | D:6      | Killed Dowan
  7890 | D:6      | Noticed Edmund
  7901 | D:6      | Killed Edmund
  8135 | D:7      | Noticed Maggie
  8216 | D:7      | Found a hazy altar of Hepliaklqana.
  8217 | D:7      | Found a faded altar of an unknown god.
  8217 | D:7      | Noticed a gargoyle
  8225 | D:7      | Killed a gargoyle
  8226 | D:7      | Reached skill level 8 in Fighting
  8536 | D:7      | Found a broken altar of Ashenzari.
  8561 | D:7      | Found a stormy altar of Qazlal.
  8709 | D:7      | Found a staircase to the Ecumenical Temple.
  8718 | Temple   | Entered the Ecumenical Temple
  8770 | Temple   | Became a worshipper of Vehumet
  9102 | D:7      | Killed Maggie
  9471 | D:7      | Reached skill level 9 in Fighting
  9578 | D:7      | Reached XP level 10. HP: 107/107 MP: 17/22
 10353 | D:8      | Found Irraeg's Antique Armour Shop.
 10366 | D:8      | Bought a silken robe for 136 gold pieces
 10366 | D:8      | Identified the +1 robe of Cureotz {rElec rF- Str+7} (You
                  | bought it in a shop on level 8 of the Dungeon)
 10368 | D:8      | Found a flagged portal.
 10405 | Bailey   | Entered a bailey
 10411 | Bailey   | Noticed an orc warlord
 10502 | Bailey   | Reached * piety under Vehumet
 10502 | Bailey   | Offered knowledge of Sandblast by Vehumet.
 10899 | Bailey   | Found a runed translucent gate.
 10899 | Bailey   | Found a runed translucent gate.
 10899 | Bailey   | Found a runed translucent gate.
 10962 | Bailey   | Killed an orc warlord
 10963 | Bailey   | Reached skill level 10 in Fire Magic
 11174 | D:8      | Reached skill level 15 in Fighting
 11174 | D:8      | Reached XP level 11. HP: 135/135 MP: 23/23
 11301 | D:8      | Reached skill level 1 in Conjurations
 11491 | D:8      | Noticed a two-headed ogre
 11514 | D:8      | Killed a two-headed ogre
 11951 | D:8      | Paralysed by a hornet for 1 turns
 11954 | D:8      | Paralysed by a hornet for 1 turns
 11957 | D:8      | Reached skill level 16 in Fighting
 12372 | D:8      | Noticed a two-headed ogre
 12379 | D:8      | Killed a two-headed ogre
 12669 | D:8      | Noticed a manticore
 12680 | D:8      | Killed a manticore
 12929 | D:8      | Reached ** piety under Vehumet
 12930 | D:8      | Offered knowledge of Poisonous Vapours by Vehumet.
 13242 | D:8      | Learned a level 2 spell: Poisonous Vapours
 14186 | D:9      | Noticed Joseph
 14202 | D:9      | Killed Joseph
 14203 | D:9      | Reached XP level 12. HP: 118/144 MP: 6/25
 14485 | D:9      | Reached skill level 10 in Spellcasting
 14495 | D:9      | Reached skill level 5 in Conjurations
 14734 | D:9      | Offered knowledge of Ignite Poison by Vehumet.
 14751 | D:9      | Learned a level 3 spell: Ignite Poison
 15124 | D:10     | Entered Level 10 of the Dungeon
 15172 | D:10     | Reached *** piety under Vehumet
 15347 | D:10     | Reached skill level 1 in Transmutations
 15594 | D:10     | Found a staircase to the Lair.
 15602 | D:10     | Identified the +9 dagger "Kiunott" {freeze, *Corrode Fly
                  | rPois rF-}
 16109 | D:10     | Identified the +7 long sword of Uskayaw's Favour {protect,
                  | rElec rN+ Dex-2}
 16124 | D:10     | Found a shimmering altar of Xom.
 16125 | D:10     | Noticed a two-headed ogre
 16125 | D:10     | Noticed a two-headed ogre
 16185 | D:10     | Killed a two-headed ogre
 17216 | D:11     | Offered knowledge of Hailstorm by Vehumet.
 17358 | D:11     | Reached skill level 5 in Transmutations
 17412 | D:11     | Learned a level 5 spell: Borgnjor's Vile Clutch
 17416 | D:11     | Learned a level 3 spell: Mephitic Cloud
 17584 | D:11     | Reached skill level 1 in Necromancy
 18274 | Lair:1   | Entered Level 1 of the Lair of Beasts
 18385 | Lair:1   | Reached **** piety under Vehumet
 18552 | Lair:1   | Offered knowledge of Lightning Bolt by Vehumet.
 18556 | Lair:1   | Reached XP level 13. HP: 144/152 MP: 4/27
 18680 | Lair:1   | Learned a level 6 spell: Eringya's Noxious Bog
 18755 | Lair:1   | Identified the +12 plate armour of Leaves {Str+3 Int-3
                  | Dex-5 Stlth+}
 18906 | Lair:1   | Reached skill level 1 in Poison Magic
 20211 | Lair:2   | Found a transporter.
 20215 | Lair:2   | Noticed jt's ghost (journeyman VSFi)
 20238 | Lair:2   | Found a transporter.
 20696 | Lair:2   | Noticed Harold
 20707 | Lair:2   | Killed Harold
 21728 | Lair:3   | Reached skill level 5 in Poison Magic
 22091 | Lair:3   | Found a hole to the Spider Nest.
 23037 | Lair:3   | Found a staircase to the Swamp.
 23821 | Lair:4   | Reached ***** piety under Vehumet
 23821 | Lair:4   | Offered knowledge of Iskenderun's Battlesphere by Vehumet.
 24002 | Lair:4   | Reached XP level 14. HP: 160/162 MP: 28/28
 25097 | Lair:5   | Found a dark tunnel.
 25111 | Volcano  | Entered a volcano
 25243 | Volcano  | HP: 5/162 [two-headed ogre/+1 great mace of flaming (15)]
 25243 | Volcano  | Slain by a two-headed ogre

Illustrated notes

Levels and vault maps discovered:
D:1:      onia_arrival_mini_maze, layout_loops_ring, minmay_tetromino_s2
D:2:      layout_rooms, dreamdust_ecumenical_altar_sealed_demon, basic_altar
D:3:      layout_basic, gup_sewer_entry_spiral
D:4:      layout_basic, mainiacjoe_overflow_boulevard,
          gammafunk_ghost_stat_death
D:5:      layout_rooms, grunt_temple_overflow_bloody_war
D:6:      layout_gridville, uniq_duvessa, uniq_edmund, uniq_prince_ribbit1
D:7:      layout_layer_cave, mainiacjoe_overflow_paths,
          mainiacjoe_overflow_alcove_4, beargit_hepliaklqana_dungeon_heroes,
          minmay_temple_entry_statues, hangedman_abyss_or_decor_lesser_grid,
          nrook_pool_corridor, uniq_maggie
D:8:      minmay_slanted_spiral_squares, layout_cave_pods, enter_bailey_3,
          serial_shops, shop, special_room [special_room_orc]
D:9:      layout_roguey, uniq_joseph
D:10:     layout_loops_ring, xom_confusion_cloud, lair_entry_dummy,
          minmay_misc_feat_x, grunt_decor_cap
D:11:     layout_grid_maze
Temple:   regret_index_temple_waves
Lair:1:   layout_regular_city, minmay_stone_trees_large,
          infiniplex_staircase_pool
Lair:2:   layout_hall_layers, gammafunk_ghost_arena, uniq_harold
Lair:3:   layout_cave_pods, swamp_mist, dummy_spider_entry, grunt_megastairs_5
Lair:4:   cheibrodos_lair_river_kwai, layout_loops_ring
Lair:5:   layout_gridlike, enter_volcano_1, beast_lair_carwin_2,
          grunt_megastairs_3
Volcano:  volcano_village

Skill      XL: |  1  2  3  4  5  6  7  8  9 10 11 12 13 14 |
---------------+-------------------------------------------+-----
Fighting       | 1 2 3 4 5 7 9 15 16 | 16.0
Spellcasting   | 3 4 5 6 8 9 10 | 10.0
Fire Magic     | 3 4 5 6 7 9 10 | 10.0
Conjurations   | 4 7 9 |  9.5
Transmutations | 5 7 8 |  8.5
Necromancy     | 4 |  4.2
Poison Magic   | 6 7 |  7.4
Dodging        | |  1.7
Stealth        | |  1.4

Action                   |  1- 3 |  4- 6 |  7- 9 | 10-12 | 13-15 || total
-------------------------+-------+-------+-------+-------+-------++-------
Melee: Unarmed           |     3 |       |       |       |       ||     3
       Whip              |    70 |       |       |       |       ||    70
       Spear             |    17 |    74 |    13 |    24 |       ||   128
       Punch             |       |     2 |       |       |       ||     2
       Quarterstaff      |       |       |       |   142 |   132 ||   274
 Cast: Foxfire           |    22 |     1 |       |     9 |       ||    32
       Scorch            |    10 |    70 |   145 |   186 |    28 ||   439
       Poisonous Vapours |       |       |       |    42 |    53 ||    95
       Ignite Poison     |       |       |       |    24 |    56 ||    80
       Mephitic Cloud    |       |       |       |    16 |    26 ||    42
       Eringya's Noxious |       |       |       |       |     8 ||     8
       Borgnjor's Vile C |       |       |       |       |     1 ||     1
Evoke: Wand              |       |       |       |     8 |       ||     8
  Use: Scroll            |       |     5 |     1 |     3 |     6 ||    15
       Potion            |       |       |       |     1 |     1 ||     2
 Stab: Sleeping          |     2 |     2 |       |       |       ||     4
       Distracted        |       |       |       |     3 |     2 ||     5
Armor: Robe              |    39 |    35 |    24 |       |       ||    98
       Steam dragon scal |       |       |       |    70 |       ||    70
       Acid dragon scale |       |       |       |    14 |    64 ||    78
Dodge: Dodged            |    55 |    38 |    36 |   128 |    84 ||   341
Block: Other             |       |       |       |       |     7 ||     7

Table legend: (Time is in decaauts)
 A = Elapsed time spent in this place.
 B = Non-inter-level travel time spent in this place.
 C = Inter-level travel time spent in this place.
 D = Time resting spent in this place.
 E = Time spent auto-exploring this place.
 F = Levels seen in this place.
 G = Mean time per level.
                   A        B        C        D        E       F      G
               +--------+--------+--------+--------+--------+-----+--------+
         Total |  25458 |  24818 |    640 |   6698 |  14239 |  20 | 1272.9 |
       Dungeon |  17333 |  16855 |    478 |   4765 |   9531 |  11 | 1575.7 |
        Temple |     78 |     54 |     24 |      0 |     37 |   1 |   78.0 |
          Lair |   6684 |   6547 |    137 |   1554 |   4112 |   5 | 1336.8 |
         Sewer |    447 |    447 |      0 |     48 |    329 |   1 |  447.0 |
        Bailey |    778 |    778 |      0 |    278 |    228 |   1 |  778.0 |
       Volcano |    137 |    137 |      0 |     53 |      0 |   1 |  137.0 |
               +--------+--------+--------+--------+--------+-----+--------+

Top non-repeatable levels by time:
     D:8: 2763 daAuts
  Lair:3: 2055 daAuts
    D:10: 1933 daAuts
     D:7: 1845 daAuts
     D:3: 1727 daAuts
     D:6: 1648 daAuts
  Lair:4: 1587 daAuts
     D:1: 1479 daAuts
    D:11: 1461 daAuts
  Lair:1: 1398 daAuts
     D:5: 1395 daAuts
     D:9: 1274 daAuts
  Lair:2: 1265 daAuts
     D:4: 1135 daAuts
  Bailey: 778 daAuts
